 Dungeon Crawl Stone Soup version 0.24-a0-736-g4e6fe308c7 (webtiles) character file.

Game seed: 3590057457947382043, levelgen mode: deterministic

10654 DevastatorOne the Cleaver (level 11, -3/75 HPs)
             Began as a Demonspawn Fighter on Oct 2, 2019.
             Was a Believer of Hepliaklqana.
             Slain by a minotaur
             ... wielding a +1 quarterstaff of crushing
              (10 damage)
             ... in a Gauntlet.
             The game lasted 00:31:28 (14602 turns).

DevastatorOne the Cleaver (Demonspawn Fighter)     Turns: 14602, Time: 00:31:28

Health: -3/75      AC: 12    Str: 29    XL:     11   Next: 39%
Magic:  0/11       EV: 10    Int: 10    God:    Hepliaklqana [**....]
Gold:   463        SH:  5    Dex: 15    Spells: 10/10 levels left

rFire    . . .     SeeInvis .   b - +4 mace
rCold    . . .     Gourm    .   g - +0 buckler
rNeg     . . .     Faith    .   u - +0 ring mail
rPois    +         Spirit   +   T - +2 helmet of Sif Muna's Castigation {Str+4 Dex+3}
rElec    .         Reflect  .   Q - scarf {cloud immunity}
rCorr    .         Harm     .   (no gloves)
MR       +....     NoTele   +   (no boots)
Stlth    +.........             F - amulet "Ykoaf" {Spirit rPois MR+}
HPRegen  0.22/turn              t - +5 ring of strength
MPRegen  0.12/turn              P - ring of flight

@: hasted, very quick
A: reduced essence, talons 2, molten scales 2, magic shield, rot immunity
a: Recall Ancestor, Ancestor Identity, Renounce Religion, Evoke Flight


You were in a Gauntlet.
You worshipped Hepliaklqana.
Hepliaklqana was pleased with you.
You were not hungry.

You visited 2 branches of the dungeon, and saw 12 of its levels.
You also visited: Gauntlet.

You collected 604 gold pieces.
You spent 141 gold pieces at shops.

Inventory:

Hand Weapons
 a - a +0 war axe
 b - a +4 mace (weapon)
 B - a cursed -1 hunting sling
 U - a +2 glaive of flaming
Missiles
 w - 30 poisoned darts (quivered)
 J - a throwing net
 K - 4 curare-tipped darts
Armour
 c - a +0 shield
 g - a +0 buckler (worn)
 r - +0 acid dragon scales
 u - a +0 ring mail (worn)
 D - a +0 scale mail
 H - a cursed +0 chain mail
 Q - a scarf of cloud immunity (worn)
 T - the +2 helmet of Sif Muna's Castigation (worn) {Str+4 Dex+3}
   (You found it in a Gauntlet)

   It affects your strength (+4).
   It affects your dexterity (+3).
Jewellery
 t - a +5 ring of strength (left hand)
 F - the amulet "Ykoaf" (around neck) {Spirit rPois MR+}
   (You found it on level 5 of the Dungeon)

   [amulet of guardian spirit]

   It causes incoming damage to be split between your health and magic.
   It protects you from poison.
   It affects your resistance to hostile enchantments.
 P - a ring of flight (right hand)
Wands
 x - a wand of polymorph (23)
 L - a wand of random effects (15)
 O - a wand of digging (4)
Scrolls
 e - 6 scrolls of remove curse
 i - 2 scrolls of blinking
 m - 6 scrolls of amnesia
 n - 2 scrolls of enchant armour {unknown}
 p - 6 scrolls of teleportation
 q - 2 scrolls of fear {unknown}
 s - 4 scrolls of noise {unknown}
 y - a scroll of fog {unknown}
 I - a scroll of enchant weapon {unknown}
 M - a scroll of silence {unknown}
 N - a scroll of vulnerability {unknown}
 R - a scroll of torment {unknown}
 S - a scroll of holy word {unknown}
Potions
 d - a potion of might
 h - 6 potions of curing
 j - a potion of magic
 k - 2 potions of lignification {unknown}
 l - 3 potions of haste
 o - 2 potions of degeneration {unknown}
 v - 2 potions of berserk rage {unknown}
 z - 2 potions of mutation
 A - 2 potions of brilliance
 C - a potion of heal wounds
 E - a potion of resistance
 G - 2 potions of agility {unknown}
Comestibles
 f - 18 rations


   Skills:
 + Level 7.4 Fighting
 - Level 11.8(12.4) Axes
 * Level 6.2(9.9) Maces & Flails
 + Level 6.8 Armour
 - Level 5.0 Shields


You had 10 spell levels left.
You didn't know any spells.
Your spell library contained the following spells:

 Spells                   Type           Power        Failure   Level  Hunger
 Animate Skeleton         Necr           N/A          45%         1    ##.....
 Apportation              Tloc           #.....       45%         1    ##.....
 Confusing Touch          Hex            #.....       45%         1    ##.....
 Magic Dart               Conj           #...         45%         1    ##.....
 Summon Small Mammal      Summ           #...         45%         1    ##.....
 Blink                    Tloc           N/A          61%         2    ###....
 Call Imp                 Summ           #.......     61%         2    ###....
 Searing Ray              Conj           #.....       61%         2    ###....
 Slow                     Hex            #.......     61%         2    ###....
 Conjure Flame            Conj/Fire      #.......     83%         3    ####...
 Dazzling Spray           Conj/Hex       #.....       83%         3    ####...
 Mephitic Cloud           Conj/Pois/Air  #.......     83%         3    ####...
 Force Lance              Conj/Tloc      #.......     99%         4    #####..
 Fulminant Prism          Conj/Hex       #.........   99%         4    #####..
 Iskenderun's Mystic Bla  Conj           #.......     99%         4    #####..


Dungeon Overview and Level Annotations

Branches:
Dungeon (11/15)            Temple (1/1) D:6            Lair (0/6) D:10
    Orc (0/2) D:11        Gauntlet (1/1)

Altars:
Ashenzari
Cheibriados
Dithmenos
Elyvilon
Fedhas
Gozag
Hepliaklqana
Kikubaaqudgha
Makhleb
Nemelex Xobeh
Okawaru
Qazlal
Ru
Sif Muna
Trog
Uskayaw
Vehumet
Wu Jian
Xom
Yredelemnul
Zin
The Shining One
Lugonu

Shops:
D:4 :?[   D:5 !(%*   D:6 (

Annotations:
D:4 4 runed translucent doors, Crazy Yiuf; Kohma's ghost, amateur HOAK Gauntlet 12 transporters, 21 runed translucent doors, exclusion: orange crystal statue


Innate Abilities, Weirdness & Mutations

You have razor-sharp toenails.
You are mostly covered in molten scales. (AC +3)
When hurt, damage is shared between your health and your magic reserves.
You are immune to rotting.
Your life essence is reduced to manifest your ancestor. (-10% HP)


Message History

The minotaur is lightly wounded.
You block the minotaur's attack. The minotaur gores you!
Vojtech hits the minotaur with a +0 quarterstaff!
You hit the minotaur but do no damage.
You claw the minotaur, but do no damage.
The minotaur is moderately wounded.
The minotaur hits you with a +1 quarterstaff of crushing!!
The minotaur gores you but does no damage.
Vojtech casts a spell at the minotaur.
The puff of frost hits the minotaur but does no damage.
You barely miss the minotaur.
You claw the minotaur, but do no damage.
The minotaur is moderately wounded.
You hit the minotaur but do no damage.
You claw the minotaur, but do no damage.
The minotaur is moderately wounded.
The minotaur hits you with a +1 quarterstaff of crushing!!
* * * LOW HITPOINT WARNING * * *
x2 The minotaur gores you!
You die...

#################################
# #8##≈...............§##8# #8# #
# ####8..©.©.©.©.©.©..8#### ### #
#≈...............≈#
#########.######### #.#####
#.....# #######.# #..(R@#.#
#.###H#.# #.# #.#.# #.# #.#.# #.#
#.#.# #.# ..#.# #.#####.#
#.......# #########


You could see the friendly Vojtech the battlemage and a minotaur.

Vanquished Creatures
  An orange crystal statue (Gauntlet)
  A cyclops (D:11)
  An ugly thing (D:11)
  A centaur zombie (D:10)
  A komodo dragon (D:10)
  An ice devil (Gauntlet)
  Grinder (D:6)
  Prince Ribbit (D:9)
  A hippogriff (D:9)
  6 yaks
  Eustachio (D:6)
  An acid dragon (Gauntlet)
  A water moccasin (D:6)
  Duvessa (D:6)
  4 orc warriors
  A slave (D:8)
  A sky beast (D:10)
  4 ogres
  3 phantoms
  2 centaurs
  2 big kobolds (D:8)
  3 bullfrogs
  A gnoll sergeant (D:6)
  A wyvern skeleton (D:8)
  A scorpion (D:8)
  A water moccasin skeleton (D:7)
  10 wights
  14 killer bees
  A howler monkey (D:8)
  4 crimson imps
  A bullfrog zombie (D:7)
  A quasit (D:7)
  2 centaur skeletons
  2 gnoll shamans
  5 hounds
  2 jellies
  10 orc wizards
  4 orc priests
  3 bullfrog skeletons
  3 iguanas
  5 worker ants
  2 hound skeletons
  13 adders
  11 gnolls
  4 shadow imps
  A white imp (Gauntlet)
  An ooze (D:1)
  An adder zombie (D:6)
  4 worms
  9 leopard geckos
  35 orcs
  2 ball pythons (D:3)
  6 giant cockroaches
  13 goblins
  9 hobgoblins
  3 jackals
  18 kobolds
  7 quokkas
  10 bats
  4 frilled lizards
  A leopard gecko skeleton (D:6)
  A quokka skeleton (D:5)
  A quokka zombie (D:8)
  17 rats
  A spectral orc (D:4)
284 creatures vanquished.

Vanquished Creatures (collateral kills)
  Pikel (D:9)
  An oklob plant (Gauntlet)
  An ice statue (D:10)
  A wyvern (D:10)
  2 yaks
  An acid dragon (Gauntlet)
  An orc warrior (D:11)
  A centaur (D:10)
  2 killer bees
  2 wights (D:9)
  A jelly (D:11)
  4 orc wizards (D:11)
  2 worker ants
  A howler monkey zombie (D:10)
  A white imp (Gauntlet)
  8 orcs
  A goblin (D:11)
  A hobgoblin (D:11)
  A quokka (D:11)
33 creatures vanquished.

Vanquished Creatures (others)
  A slave (D:9)
  3 battlemagi
  3 ancestors
  14 demonic plants (Gauntlet)
  A fungus (Gauntlet)
  3 plants (D:10)
25 creatures vanquished.

Grand Total: 342 creatures vanquished

Notes
Turn   | Place    | Note
-------+----------+-------------------------------------------
     0 | D:1      | DevastatorOne the Demonspawn Fighter began the quest for
                  | the Orb.
     0 | D:1      | Reached XP level 1. HP: 18/18 MP: 1/1
    47 | D:1      | Reached skill level 2 in Axes
   172 | D:1      | Gained mutation: You are partially covered in molten
                  | scales. (AC +2) [demonic ancestry]
   172 | D:1      | Reached XP level 2. HP: 24/24 MP: 2/2
   435 | D:1      | Reached XP level 3. HP: 22/29 MP: 3/3
   544 | D:1      | Reached skill level 3 in Axes
   926 | D:2      | Found a burning altar of Makhleb.
  1425 | D:2      | Gained mutation: You have sharp toenails. [demonic
                  | ancestry]
  1425 | D:2      | Reached XP level 4. HP: 31/35 MP: 4/4
  2045 | D:3      | Noticed a bullfrog
  2051 | D:3      | Killed a bullfrog
  2051 | D:3      | Reached skill level 4 in Axes
  2051 | D:3      | Gained mutation: You have razor-sharp toenails. [demonic
                  | ancestry]
  2051 | D:3      | Reached XP level 5. HP: 33/41 MP: 5/5
  2411 | D:3      | Found a glowing golden altar of the Shining One.
  2433 | D:3      | Reached XP level 6. HP: 46/47 MP: 6/6
  2468 | D:3      | Found a hide-covered altar of Uskayaw.
  2549 | D:3      | Found an ancient bone altar of Kikubaaqudgha.
  2647 | D:4      | Reached skill level 5 in Axes
  2802 | D:4      | Noticed Kohma's ghost (amateur HOAK)
  2912 | D:4      | Found a basalt altar of Yredelemnul.
  2969 | D:4      | Found a runed translucent gate.
  2969 | D:4      | Found a runed translucent gate.
  2969 | D:4      | Found a runed translucent gate.
  2983 | D:4      | Found an iron altar of Okawaru.
  3129 | D:4      | Found Roes's Armour Boutique.
  3169 | D:4      | Found Zigicubb's Magic Scroll Shoppe.
  3176 | D:4      | Bought a scroll of blinking for 75 gold pieces
  3176 | D:4      | Bought a scroll of teleportation for 30 gold pieces
  3176 | D:4      | Found Urabilib's Book Shop.
  3720 | D:4      | Found a runed translucent door.
  3721 | D:4      | Noticed Crazy Yiuf
  4042 | D:5      | Entered Level 5 of the Dungeon
  4060 | D:5      | Found Qinitwil's Antique Weapon Shop.
  4088 | D:5      | Gained mutation: You are immune to rotting. [demonic
                  | ancestry]
  4088 | D:5      | Reached XP level 7. HP: 30/52 MP: 7/7
  4090 | D:5      | Reached skill level 6 in Axes
  4097 | D:5      | Found Ytrinauq's Distillery.
  4111 | D:5      | Reached skill level 5 in Shields
  4232 | D:5      | Bought a potion of curing for 36 gold pieces
  4290 | D:5      | Got a flickering diamond amulet
  4291 | D:5      | Identified the amulet "Ykoaf" {Spirit rPois MR+} (You found
                  | it on level 5 of the Dungeon)
  4416 | D:5      | Found Bekiseot's Food Shop.
  4510 | D:4      | Reached skill level 7 in Axes
  4919 | D:5      | Found Xiulalymn's General Store.
  5131 | D:6      | Noticed Grinder
  5146 | D:6      | Paralysed by Grinder for 2 turns
  5149 | D:6      | Killed Grinder
  5149 | D:6      | Reached skill level 8 in Axes
  5149 | D:6      | Gained mutation: When hurt, damage is shared between your
                  | health and your magic reserves. [demonic ancestry]
  5149 | D:6      | Reached XP level 8. HP: 34/58 MP: 5/8
  5291 | D:6      | Noticed Eustachio
  5303 | D:6      | Killed Eustachio
  5407 | D:6      | Found a shimmering altar of Xom.
  5617 | D:6      | Reached skill level 9 in Axes
  5721 | D:6      | Noticed Duvessa
  6004 | D:6      | Killed Duvessa
  6025 | D:6      | Noticed Dowan
  6026 | D:6      | Noticed Dowan
  6026 | D:6      | Dowan changed into Dowan the worm
  6031 | D:6      | Killed Dowan the worm
  6418 | D:6      | Reached skill level 10 in Axes
  6490 | D:6      | Found a bloodstained altar of Trog.
  6506 | D:6      | Gained mutation: You are mostly covered in molten scales.
                  | (AC +3) [demonic ancestry]
  6506 | D:6      | Reached XP level 9. HP: 29/63 MP: 7/9
  6746 | D:6      | Found a staircase to the Ecumenical Temple.
  6756 | Temple   | Entered the Ecumenical Temple
  7038 | D:6      | Found Vemas's Antique Weapon Emporium.
  7379 | D:7      | Found a blossoming altar of Fedhas.
  7727 | D:7      | HP: 3/64 [killer bee (5)]
  8751 | D:7      | Found a hazy altar of Hepliaklqana.
  8776 | D:7      | Became a worshipper of Hepliaklqana the Forgotten
  8928 | D:8      | Reached skill level 11 in Axes
  9434 | D:8      | Found a sparkling altar of Nemelex Xobeh.
  9893 | D:8      | Reached * piety under Hepliaklqana
  9929 | D:8      | Found a snail-covered altar of Cheibriados.
  9932 | D:8      | Found an ornate altar of the Wu Jian Council.
  9935 | D:8      | Found a white marble altar of Elyvilon.
 10026 | D:8      | Found a sacrificial altar of Ru.
 10264 | D:9      | Reached XP level 10. HP: 21/65 MP: 6/10
 10547 | D:9      | Noticed Prince Ribbit
 10607 | D:9      | Reached skill level 5 in Fighting
 11035 | D:9      | Noticed Pikel
 11045 | D:9      | Killed Pikel
 11062 | D:9      | Killed Prince Ribbit
 11062 | D:9      | Reached skill level 5 in Armour
 11162 | D:9      | Found a shattered altar of Ashenzari.
 11436 | D:10     | Entered Level 10 of the Dungeon
 11444 | D:9      | Reached skill level 1 in Maces & Flails
 12004 | D:10     | Noticed an ice statue
 12184 | D:10     | Found a staircase to the Lair.
 12198 | D:10     | Reached ** piety under Hepliaklqana
 12199 | D:10     | Remembered your ancestor Vojtech as a battlemage
 13018 | D:10     | Killed an ice statue
 13152 | D:10     | Reached XP level 11. HP: 59/74 MP: 6/11
 13294 | D:11     | Found a staircase to the Orcish Mines.
 13311 | D:11     | Reached skill level 5 in Maces & Flails
 13361 | D:11     | Noticed a green ugly thing
 13373 | D:11     | Killed a green ugly thing
 13377 | D:11     | Found a gate leading to a gauntlet.
 13446 | Gauntlet | Entered a Gauntlet
 13446 | Gauntlet | Found a transporter.
 13456 | Gauntlet | Found a transporter.
 13470 | Gauntlet | Found a transporter.
 13475 | Gauntlet | Found a transporter.
 13482 | Gauntlet | Noticed a balrug
 13500 | Gauntlet | Found a transporter.
 13509 | Gauntlet | Found a transporter.
 13509 | Gauntlet | Noticed an orange crystal statue
 13519 | Gauntlet | Noticed a cacodemon
 13521 | Gauntlet | Found a transporter.
 13529 | Gauntlet | Found a large runed translucent door.
 13530 | Gauntlet | Found a large runed translucent door.
 13531 | Gauntlet | Found a large runed translucent door.
 13531 | Gauntlet | Found a large runed translucent door.
 13532 | Gauntlet | Found a runed translucent gate.
 13533 | Gauntlet | Found a transporter.
 13533 | Gauntlet | Found a runed translucent gate.
 13533 | Gauntlet | Noticed an orange crystal statue
 13534 | Gauntlet | Found a runed translucent gate.
 13535 | Gauntlet | Found a large runed translucent door.
 13535 | Gauntlet | Found a large runed translucent door.
 13535 | Gauntlet | Found a runed translucent door.
 13535 | Gauntlet | Found a runed translucent door.
 13536 | Gauntlet | Found a large runed translucent door.
 13537 | Gauntlet | Found a large runed translucent door.
 13539 | Gauntlet | Found a transporter.
 13541 | Gauntlet | Found a transporter.
 13548 | Gauntlet | Found a large runed translucent door.
 13548 | Gauntlet | Found a large runed translucent door.
 13549 | Gauntlet | Found a large runed translucent door.
 13550 | Gauntlet | Found a large runed translucent door.
 13557 | Gauntlet | Noticed a hell hog
 13558 | Gauntlet | Found a transporter.
 13566 | Gauntlet | Noticed a death yak
 13566 | Gauntlet | Noticed a death yak
 13567 | Gauntlet | Noticed a death yak
 13567 | Gauntlet | Noticed a death yak
 13568 | Gauntlet | Noticed a necromancer
 13568 | Gauntlet | Noticed a death yak
 13570 | Gauntlet | Found a transporter.
 13587 | Gauntlet | Found a transporter.
 13604 | Gauntlet | Found a transporter.
 13606 | Gauntlet | Found a transporter.
 13630 | Gauntlet | Noticed an oklob plant
 13631 | Gauntlet | Found a transporter.
 13653 | Gauntlet | Found a transporter.
 13765 | Gauntlet | Found a large runed translucent door.
 13765 | Gauntlet | Found a large runed translucent door.
 13766 | Gauntlet | Found a large runed translucent door.
 13767 | Gauntlet | Found a large runed translucent door.
 13771 | Gauntlet | Found a transporter.
 13976 | Gauntlet | Killed an oklob plant
 14445 | Gauntlet | Killed an orange crystal statue
 14448 | Gauntlet | Got a shimmering helmet
 14462 | Gauntlet | Identified the +2 helmet of Sif Muna's Castigation {Str+4
                  | Dex+3} (You found it in a Gauntlet)
 14593 | Gauntlet | Noticed a minotaur
 14602 | Gauntlet | Slain by a minotaur

Levels and vault maps discovered:
D:1:      arrival_zaba_pyramid, layout_basic, minmay_pentomino_v4
D:2:      layout_basic, overflow_temple_1_default, first_ration,
          minmay_rat_gold_closets
D:3:      layout_rooms, nicolae_overflow_crystal_walls,
          eat_drink_and_be_merry_uskayaw, old_standard_altar,
          grunt_ministairs_9, minmay_circle_x
D:4:      layout_layer_cave, nicolae_overflow_hidden_temple,
          yredelemnul_forgotten_temple_becter, serial_shops,
          nicolae_shop_crystal, shop, nicolae_shop_crystal, gammafunk_ghost_icy,
          serial_park_tiny_2, grunt_decor_fettered, uniq_crazy_yiuf_cottage
D:5:      layout_rooms, serial_shops,
          nicolae_shop_temple_entry_statues_fountains, shop,
          nicolae_shop_waterfront, nicolae_shop_competitors_out_of_business
D:6:      layout_layer_cave, lemuel_doored_altar, kennysheep_little_box,
          minmay_temple_entry_statues_pillars, serial_shops,
          nicolae_shop_overgrown_old_shop, uniq_eustachio, uniq_duvessa,
          uniq_grinder
D:7:      layout_loops_corners, lemuel_crystal_altar, fedhas_ov_isle_minmay
D:8:      layout_loops_cross, nicolae_ru_path_of_blood,
          lemuel_coloured_pillars_altar, grunt_temple_overflow_diamond
D:9:      layout_rooms, kennysheep_mini_moat, uniq_prince_ribbit1, uniq_pikel
D:10:     lemuel_ice_statue, layout_long_grid, david_lair_shrubbed
D:11:     layout_basic, erik_orc_3, gauntlet_entry_generic, enter_trove_0,
          basic_altar
Temple:   corrupted_temple
Gauntlet: gammafunk_gauntlet_one_two_three [gammafunk_gauntlet_arena_mazey,
          nicolae_gauntlet_arena_blocks, gammafunk_gauntlet_arena_crates,
          gammafunk_gauntlet_arena_spirals, nicolae_gauntlet_arena_t_cross,
          gammafunk_gauntlet_arena_split_x,
          minmay_gauntlet_arena_make_your_own_arena,
          gammafunk_gauntlet_arena_arrow_garden,
          gammafunk_gauntlet_arena_chambers, gauntlet_exit_spiral]

Skill      XL: |  1  2  3  4  5  6  7  8  9 10 11 |
---------------+----------------------------------+-----
Axes           | 2 3 4 5 8 10 11 | 11.8
Shields        | 3 4 5 |  5.0
Armour         | 4 6 |  6.8
Fighting       | 4 6 7 |  7.4
Maces & Flails | 4 6 |  6.2

Action                   |  1- 3 |  4- 6 |  7- 9 | 10-12 || total
-------------------------+-------+-------+-------+-------++-------
Melee: War axe           |   142 |   192 |   109 |    21 ||   464
       Kick              |       |    44 |   104 |   118 ||   266
       Mace              |       |       |   280 |   278 ||   558
Throw: Dart              |       |       |     5 |     6 ||    11
Invok: Recall Ancestor   |       |       |       |     5 ||     5
       Ancestor Life: Ba |       |       |       |     1 ||     1
 Abil: Evoke Flight      |       |       |       |     1 ||     1
Evoke: Wand              |       |       |     2 |       ||     2
  Use: Potion            |       |       |     1 |     2 ||     3
       Scroll            |       |       |       |     8 ||     8
 Stab: Confused          |       |       |     1 |       ||     1
       Invisible         |       |       |       |     4 ||     4
       Distracted        |       |       |       |     1 ||     1
  Eat: Chunk             |     2 |     7 |    14 |     8 ||    31
       Ration            |       |       |     2 |     2 ||     4
Armor: Scale mail        |    77 |    23 |       |       ||   100
       Ring mail         |       |    71 |   149 |   111 ||   331
Dodge: Dodged            |    72 |   100 |   223 |   139 ||   534
Block: Shield            |     4 |       |       |       ||     4
       Buckler           |    38 |    50 |   102 |    62 ||   252

Table legend:
 A = Non-vault XP
 B = Vault XP
 C = Vault XP percentage of total XP
 D = Non-vault monster count
 E = Vault monster count
 F = Vault count percentage of total count
                 A         B        C        D         E       F
            +---------+---------+-------+---------+---------+-------
      Total |   10341 |    4880 |  32.1 |     258 |      58 |  18.4
            +---------+---------+-------+---------+---------+-------
        D:1 |      53 |       6 |  10.2 |      27 |       4 |  12.9
        D:2 |      93 |       9 |   8.8 |      25 |       9 |  26.5
        D:3 |     288 |      17 |   5.6 |      17 |       9 |  34.6
        D:4 |     464 |       1 |   0.2 |      18 |       1 |   5.3
        D:5 |     570 |       0 |   0.0 |      15 |       0 |   0.0
        D:6 |     902 |     609 |  40.3 |      34 |       4 |  10.5
        D:7 |    1112 |       0 |   0.0 |      28 |       0 |   0.0
        D:8 |    1055 |       0 |   0.0 |      32 |       0 |   0.0
        D:9 |    1561 |     894 |  36.4 |      24 |       2 |   7.7
       D:10 |    2686 |     853 |  24.1 |      23 |       2 |   8.0
       D:11 |    1557 |     559 |  26.4 |      15 |      20 |  57.1
   Gauntlet |       0 |    1932 | 100.0 |       0 |       7 | 100.0
            +---------+---------+-------+---------+---------+-------
